AoeStats
← martin,,.

Four Lakes

509743197Analyzed
1v1 RM · 5d ago on Sep 27, 2026· 37m 25s· 2 players
Game mode
Random Map
Map size
Tiny (2 player)
Population
200
Speed
Normal
Resources
Standard
Victory
Conquest
Starting age
Dark Age
Ending age
Imperial Age
RankedLock teamsTeams togetherTeam positionsShared explorationLock speedFull tech treeHidden civsTurbo modeCheats
Victory
Defeat
🇺🇾 Malians · Uruguay
830
+18
🇦🇷 Magyars · Argentina
864
-18
Setrix
11:32 Feudal Age
12:05 Double-Bit Axe
13:58 Fishing Lines
16:58 Bloodlines
20:59 Castle Age
20:17 Forging
20:13 Scale Barding Armor
20:14 Gold Mining
20:43 Stone Mining
21:41 Husbandry
22:18 Iron Casting
22:04 Chain Barding Armor
22:22 Bow Saw
22:16 Gillnets
25:43 Gold Shaft Mining
25:44 Stone Shaft Mining
26:14 Town Watch
27:07 Wheelbarrow
26:17 Loom
29:38 Town Patrol
29:55 Hand Cart
32:13 Elite Skirmisher
32:59 Thumb Ring
36:56 Imperial Age
37:15 Heavy Camel Rider
martin,,.
7:22 Loom
11:34 Feudal Age
12:07 Double-Bit Axe
17:21 Castle Age
15:28 Horse Collar
17:58 Scale Barding Armor
17:44 Fletching
17:56 Padded Archer Armor
18:56 Bow Saw
18:49 Town Watch
20:30 Wheelbarrow
21:04 Husbandry
25:22 Gold Mining
26:42 Bodkin Arrow
27:04 Leather Archer Armor
27:09 Chain Barding Armor
30:05 Thumb Ring
35:19 Imperial Age
35:48 Ballistics
36:16 Murder Holes
37:03 Heavy Cavalry Archer
38:08 Parthian Tactics
Connection lost

Rejoining the realm…

Still unreachable

The connection could not be restored.

Session expired

The server has moved on; the page needs a fresh start.